Map: Alcyone LE

Players

hihi

  • Race: Zerg Zerg
  • League: Diamond
  • Spawn Location: 1:00

lock - Winner!

  • Race: Zerg Zerg
  • League: Master
  • Spawn Location: 7:00

VOD

Have the link to the VOD?

Description

Time

  • Played on: April 18, 2024, 12:05 p.m.
  • Length: 11:11
Show
View Real Time Build Order
Export as new Build Order

hihi Zerg 

Build Orders: Hatch First 

Get SALT Encoding   

  12  0:05  Drone  
  13  0:13  Overlord  
  13  0:17  Drone  
  14  0:32  Drone x2  
  16  0:52  Hatchery  
  16  0:53  Drone  
  16  0:57  Drone  
  16  1:00  Drone  
  18  1:11  Extractor  
  18  1:16  Drone  
  18  1:19  Spawning Pool  
  18  1:23  Drone  
  18  1:33  Drone  
  19  1:42  Drone  
  20  2:06  Zergling x4  
  22  2:08  Zergling x2  
  22  2:10  Queen  
  22  2:14  Overlord  
  27  2:16  Zergling x2  
  27  2:19  Spine Crawler  
  26  2:32  Zergling x4  
  25  2:46  Drone  
  25  2:47  Hatchery  
  25  2:59  Metabolic Boost  
  25  3:02  Roach Warren  
  24  3:07  Queen  
  25  3:23  Zergling x8  
  25  3:24  Overlord  
  29  3:36  Overlord  
  28  4:06  Roach x3  
  34  4:11  Queen  
  36  4:19  Roach x2  
  40  4:31  Roach x2  
  44  4:38  Roach  
  46  4:42  Overlord  
  46  4:46  Queen  
  46  4:48  Roach  
  50  5:02  Roach x2  
  50  5:06  Roach  
  55  5:09  Roach  
  57  5:14  Overlord  
  57  5:42  Drone x8  
  65  5:57  Drone x3  
  65  6:04  Spore Crawler  
  66  6:07  Spore Crawler  
  63  6:17  Drone x5  
  56  6:27  Spore Crawler  
  56  6:29  Spore Crawler x2  
  45  6:38  Extractor  
  36  6:45  Queen x2, Spore Crawler  
  39  7:06  Roach x2  
  43  7:09  Overlord x2  
  43  7:19  Overlord x3  
  43  7:27  Queen  
  47  7:34  Lair  
  45  7:37  Drone x5  
  45  7:43  Drone x3  
  57  7:51  Roach x2  
  57  7:54  Roach  
  59  8:00  Roach x2  
  59  8:03  Roach  
  65  8:08  Queen  
  67  8:21  Roach x2  
  67  8:24  Roach  
  73  8:29  Roach, Overlord  
  75  8:36  Overlord  
  75  8:37  Overlord  
  75  8:47  Queen  
  77  8:49  Overseer  
  77  9:01  Nydus Network  
  76  9:04  Spore Crawler  
  76  9:06  Roach x6  
  76  9:07  Spore Crawler  
  86  9:10  Roach  
  88  9:17  Roach  
  88  9:18  Roach  
  92  9:25  Overlord  
  92  9:26  Overlord  
  92  9:35  Overseer  
  92  9:38  Pneumatized Carapace  
  92  10:09  Nydus Canal  
  92  10:18  Roach  
  92  10:19  Roach x3  
  92  10:20  Overlord x2  
  100  10:34  Nydus Canal  
  94  10:46  Overseer x2  
  94  10:48  Roach x7  
Show
View Real Time Build Order
Export as new Build Order

lock Zerg - Winner!

Build Orders: 1 Base Baneling Bust, Pool First, Lurkers 

Get SALT Encoding   

  12  0:01  Drone  
  13  0:22  Spawning Pool  
  13  0:25  Drone  
  13  0:30  Drone  
  13  0:32  Extractor  
  13  0:38  Drone  
  14  0:47  Overlord  
  14  1:09  Zergling x2  
  14  1:10  Zergling x4  
  17  1:16  Baneling Nest  
  16  1:22  Zergling x2  
  17  1:26  Queen  
  17  1:31  Drone  
  20  1:43  Drone  
  21  1:51  Metabolic Boost  
  21  1:56  Overlord  
  21  2:09  Baneling x2  
  21  2:12  Drone  
  22  2:17  Drone  
  22  2:33  Drone  
  21  2:39  Drone x2  
  21  2:40  Drone  
  24  2:46  Spine Crawler  
  24  2:49  Lair  
  23  2:53  Zergling x2  
  24  3:13  Hatchery  
  24  3:15  Zergling x2  
  24  3:20  Extractor  
  23  3:30  Baneling  
  23  3:32  Drone x4  
  27  4:00  Queen  
  27  4:01  Spire  
  27  4:10  Zergling x2  
  27  4:14  Overlord  
  27  4:15  Overlord  
  28  4:43  Drone x3  
  28  4:44  Drone  
  32  5:06  Drone  
  32  5:07  Drone x4  
  34  5:13  Mutalisk x3  
  34  5:14  Mutalisk  
  40  5:19  Drone x3  
  47  5:25  Overlord  
  47  5:28  Overseer  
  47  5:31  Drone x2  
  49  5:37  Zergling x4  
  51  5:42  Spine Crawler  
  51  5:44  Mutalisk  
  51  5:47  Baneling  
  51  5:48  Zergling x2  
  51  5:49  Zergling x2  
  54  5:57  Zergling x8  
  53  6:18  Zergling x2  
  53  6:22  Zergling x8  
  53  6:23  Zergling x2  
  51  6:33  Queen  
  51  6:34  Queen  
  51  6:36  Drone x3  
  51  6:37  Drone  
  51  6:38  Overlord x3  
  59  6:47  Hydralisk Den  
  59  6:48  Drone  
  59  6:51  Extractor  
  59  6:53  Extractor  
  57  6:54  Overlord  
  57  6:59  Overlord  
  57  7:08  Drone x2  
  59  7:23  Muscular Augments  
  59  7:25  Lurker Den  
  59  7:29  Drone x2  
  61  7:30  Drone  
  61  7:36  Drone x3  
  64  7:38  Hatchery  
  64  7:39  Hydralisk  
  65  7:46  Drone x3  
  65  7:49  Pneumatized Carapace  
  68  7:57  Hydralisk  
  68  7:58  Hydralisk  
  72  8:04  Hydralisk x2  
  76  8:14  Hydralisk x2  
  78  8:27  Grooved Spines  
  78  8:28  Lurker  
  78  8:30  Lurker  
  78  8:31  Lurker  
  78  8:32  Hydralisk x2  
  78  8:33  Hydralisk  
  87  8:42  Evolution Chamber  
  87  8:45  Lurker  
  87  8:56  Drone x3  
  87  8:57  Drone x6  
  96  9:18  Hydralisk x3  
  96  9:20  Lurker  
  104  9:24  Drone x4, Spine Crawler  
  104  9:25  Overlord x3  
  104  9:26  Overlord  
  106  9:38  Overlord x2  
  106  9:43  Spine Crawler  
  105  10:01  Overlord  
  105  10:02  Overlord x2  
  105  10:03  Hatchery, Drone x3  
  105  10:04  Drone x4  
  111  10:10  Overlord x2  
  111  10:16  Overlord x2  
  111  10:19  Overseer  
  111  10:25  Extractor  
  110  10:34  Hydralisk x6  
Tags
 
Add a new tag
Caveats
  • Supply blocks, unpowered buildings, or Contaminate may cause inaccurate times.
  • Supply counts are checked every 10 seconds.